 Dungeon Crawl Stone Soup version 0.17-a0-1447-g3d113ad (webtiles) character file.

163900 nubinia the Thaumaturge (level 16, 0/121 HPs)
             Began as a Yellow Draconian Conjurer on June 27, 2015.
             Was the Champion of Sif Muna.
             Shot with an arrow by a salamander (11 damage)
             ... on level 4 of the Snake Pit on June 29, 2015.
             The game lasted 07:22:43 (47948 turns).

nubinia the Thaumaturge (DrCj)                     Turns: 47948, Time: 07:22:43

Health: 0/121      AC: 19    Str: 11    XL:     16   Next: 99%
Magic:  6/34       EV: 13    Int: 21    God:    Sif Muna [******]
Gold:   1515       SH:  5    Dex: 17    Spells: 14 memorised, 2 levels left

rFire  . . .     SeeInvis .     a - +5 mace (protect)
rCold  . . .     Clarity  .     (armour unavailable)
rNeg   + . .     SustAt   .     A - +0 buckler
rPois  +         Gourm    .     r - +2 hat
rElec  +         Spirit   .     (no cloak)
rCorr  +         Warding  +     u - +1 pair of gloves
rMut   .         Stasis   .     z - +0 pair of boots
MR     +....                    D - amulet of warding
Stlth  +++.......               J - +3 ring of slaying
                                s - ring "Pysasob" {rElec rPois Int+4}

@: lethally poisoned (0 -> 0), somewhat resistant to hostile enchantments,
fairly stealthy
A: spit acid, acid resistance, unfitting armour, acidic bite, cold-blooded, AC
+9
a: Spit Acid, Channel Energy, Forget Spell, Renounce Religion
}: 1/15 runes: decaying


You were on level 4 of the Snake Pit.
You worshipped Sif Muna.
Sif Muna was exalted by your worship.
You were not hungry.

You visited 5 branches of the dungeon, and saw 31 of its levels.

You collected 3558 gold pieces.
You spent 2043 gold pieces at shops.

Inventory:

Hand weapons
 a - a +5 mace of protection (weapon)
 i - the +2 long sword "Xicoveos" {slice, Str+4 SInv}
   (You found it on level 4 of the Lair of Beasts)

   It inflicts extra damage upon your enemies.
   It affects your strength (+4).
   It lets you see invisible.
 m - the +3 dagger "Embalmer" {freeze, +Fly rC- MP+9 Dex-4}
   (You found it on level 11 of the Dungeon)

   It has been specially enchanted to freeze those struck by it, causing extra
   injury to most foes and up to half again as much damage against particularly
   susceptible opponents.
   It can also slow down cold-blooded creatures.
   It affects your dexterity (-4).
   It makes you vulnerable to cold.
   It affects your magic capacity (+9).
   It lets you fly.
 I - the +10 rapier "Giff" {drain, rC+ rN+++ Stlth-}
   (You found it on level 4 of the Lair of Beasts)

   A truly terrible weapon, it drains the life of those it strikes.
   It protects you from cold.
   It renders you almost immune to negative energy.
   It makes you less stealthy.
Armour
 r - a +2 hat (worn)
 u - a +1 pair of gloves (worn)
 z - a +0 pair of boots (worn)
 A - a +0 buckler (worn)
Magical staves
 b - an uncursed staff of power
Jewellery
 h - an uncursed amulet of stasis
 s - the ring "Pysasob" (left hand) {rElec rPois Int+4}
   (You found it on level 6 of the Lair of Beasts)

   [ring of poison resistance]

   It affects your intelligence (+4).
   It insulates you from electricity.
   It protects you from poison.
 D - an amulet of warding (around neck)
 J - a +3 ring of slaying (right hand)
 S - the ring of Zoosim {+/*Tele +Inv}
   (You found it on level 2 of the Swamp)

   [ring of teleportation]

   It may teleport you to nearby monsters, and can be evoked to randomly
   teleport.
   It lets you turn invisible.
Magical devices
 c - a wand of fire (7)
 l - a wand of lightning (5)
 E - a wand of digging (14)
 M - a wand of draining (7)
 O - a wand of disintegration (13)
 W - a wand of cold (4)
Scrolls
 d - a scroll of holy word
 g - a scroll of blinking
 k - 9 scrolls of teleportation
 n - a scroll of fear
 o - 10 scrolls of remove curse
 t - 3 scrolls of magic mapping
 y - 6 scrolls of identify
 R - 5 scrolls of recharging
Potions
 e - 8 potions of heal wounds
 q - 4 potions of haste
 C - 13 potions of curing
 F - 5 potions of invisibility
 H - 2 potions of magic
 K - 2 potions of might
 Q - 8 potions of brilliance
 U - a potion of agility
 Z - a potion of berserk rage
Miscellaneous
 L - a lamp of fire
 P - a fan of gales
 V - a sack of spiders
 X - a phantom mirror
Comestibles
 f - 15 fruits
 T - 12 slices of pizza


   Skills:
 + Level 5.6 Fighting
 + Level 0.4 Long Blades
 + Level 3.8 Maces & Flails
   Level 4.0 Polearms
 + Level 3.5 Throwing
 + Level 9.3 Dodging
 + Level 5.9 Stealth
 + Level 2.5 Shields
 * Level 14.8 Spellcasting
 * Level 14.1 Conjurations
 + Level 6.0 Hexes
 * Level 10.2 Charms
 + Level 8.1 Necromancy
 + Level 0.8 Translocations
 * Level 3.4 Fire Magic
 * Level 5.3 Ice Magic
 - Level 7.3 Invocations
 + Level 1.8 Evocations


You had 2 spell levels left.
You knew the following spells:

 Your Spells              Type           Power        Failure   Level  Hunger
a - Magic Dart            Conj           ####         0%          1    None
b - Dazzling Spray        Conj/Hex       ######..     1%          3    None
c - Conjure Flame         Conj/Fire      ######..     1%          3    None
d - Iskenderun's Mystic   Conj           ######..     1%          4    None
e - Sticky Flame          Conj/Fire      ######..     1%          4    None
f - Fireball              Conj/Fire      ######....   3%          5    ###....
g - Shroud of Golubria    Chrm/Tloc      #####.....   1%          2    None
h - Freeze                Ice            ####         1%          1    None
i - Iskenderun's Battles  Conj/Chrm      ######..     1%          5    ###....
j - Bolt of Cold          Conj/Ice       ######....   17%         6    #####..
o - Ozocubu's Armour      Chrm/Ice       #####...     1%          3    None
r - Regeneration          Chrm/Necr      ######....   1%          3    None
A - Apportation           Tloc           ###.......   3%          1    None
S - Animate Skeleton      Necr           N/A          1%          1    None


Dungeon Overview and Level Annotations

Branches:
Dungeon (11/15)            Temple (0/1) D:7            Lair (8/8) D:11
  Swamp (4/4) Lair:6        Snake (4/4) Lair:5        Slime (0/6) Lair:8
    Orc (4/4) D:9             Elf (0/3) Orc:3

Altars:
Ashenzari
Cheibriados
Dithmenos
Elyvilon
Fedhas
Gozag
Kikubaaqudgha
Makhleb
Okawaru
Qazlal
Ru
Sif Muna
Trog
Xom
The Shining One
Beogh

Shops:
D:4 }   Orc:2 [   Orc:3 *   Orc:4 [*}(%   Snake:1 :

Annotations:
D:6 braks's ghost, experienced DsIE


Innate Abilities, Weirdness & Mutations

You can spit globs of acid.
You are resistant to acid.
Your golden yellow scales are hard (AC +9).
Your body does not fit into most forms of armour.
You have acidic saliva.
You are cold-blooded and may be slowed by cold attacks.


Message History

The salamander shoots an arrow.
The arrow misses you.
The naga sharpshooter unwields an uncursed glaive.
The naga sharpshooter wields a shortbow.
The naga sharpshooter casts a spell.
The naga sharpshooter magically shoots an arrow.
The arrow hits you!!
* * * LOW HITPOINT WARNING * * *
The salamander mystic casts a spell at you.
You see here 2 arrows.
The salamander shoots an arrow.
The arrow hits you!
* * * LOW HITPOINT WARNING * * *
The arrow burns you.
* * * LOW HITPOINT WARNING * * *
The salamander mystic points at the naga sharpshooter and mumbles some strange words.
The naga sharpshooter seems to speed up.
You see here an arrow.
You feel sick.
There is a stone staircase leading up here.
The salamander shoots an arrow.
The arrow hits you!
You die...

# ###..(###..# #.#
..+...8.N....# #.#
..##.....##..# #.#
...##...##...## #.#
....##.##..N)N# #%#
.(...#.#......# +.##### #
.............N#########..(..##
#
####..........(..............##
# #...........*@.............##
#.....................P.....#
#...........(..(............#
#...........................##
#...................P.......##
#.........(...................
#.............................
#........................P....
#....................P........


You could see a salamander mystic and a salamander.

Vanquished Creatures
  Rupert (Lair:4)
  Gastronok (Lair:3)
  A thorn hunter (Swamp:2)
  2 very ugly things (Swamp:3)
  Josephine (Lair:4)
  20 hydras
  4 naga warriors
  An ogre mage (Orc:4)
  A catoblepas (Lair:7)
  3 ghost crabs
  4 anacondas
  7 death yaks
  7 alligators
  An orc high priest (Orc:4)
  4 shock serpents
  12 naga sharpshooters
  4 spriggan druids
  6 swamp dragons
  A naga ritualist (Snake:2)
  Pikel (D:7)
  2 hill giants (D:10)
  2 orc knights
  4 salamanders
  4 mana vipers
  7 orc sorcerers
  A hornet (Swamp:1)
  2 griffons (Lair:7)
  A cyclops (D:11)
  19 black mambas
  7 elephants
  2 guardian serpents
  4 naga magi
  2 centaur skeletons (D:11)
  A torpor snail (Lair:7)
  7 komodo dragons
  29 spiny frogs
  A gargoyle (D:10)
  2 polar bears
  6 trolls
  15 bog bodies
  2 two-headed ogres (Orc:4)
  A boulder beetle (Lair:3)
  8 giant leeches
  18 blink frogs
  11 slime creatures
  10 spriggans
  2 wyverns
  2 basilisks
  4 wraiths
  3 shadows
  A steam dragon (D:10)
  13 yaks
  5 hippogriffs
  26 vampire mosquitoes
  2 hungry ghosts
  16 swamp worms
  3 insubstantial wisps (Swamp:3)
  9 wargs
  11 wolves
  12 water moccasins
  19 nagas
  19 orc warriors
  An ice beast (D:9)
  8 porcupines
  11 swamp drakes
  3 wasps
  12 ogres
  4 sky beasts
  7 centaurs
  A phantom (D:7)
  5 big kobolds
  10 crocodiles
  26 giant frogs
  A brain worm (D:8)
  A wyvern zombie (D:10)
  2 gnoll sergeants
  A wyvern skeleton (D:10)
  7 killer bees
  3 scorpions
  3 electric eels
  5 wights (D:7)
  3 crimson imps
  13 hounds
  A quasit (D:10)
  2 giant frog zombies
  24 orc priests
  A wasp zombie (D:10)
  2 giant frog skeletons
  21 jellies
  52 orc wizards
  8 iguanas
  7 worker ants
  13 sheep
  A hound skeleton (D:11)
  A worker ant zombie (D:6)
  18 gnolls
  48 river rats
  2 shadow imps
  18 adders
  An ooze (D:5)
  An adder zombie (D:5)
  3 worms
  4 giant geckos
  206 orcs
  19 bats
  6 giant cockroaches
  24 hobgoblins
  13 jackals
  35 kobolds
  6 quokkas
  A ball python (D:8)
  A giant gecko skeleton (D:4)
  4 giant newts
  18 goblins
  2 jackal zombies (D:5)
  A quokka zombie (D:9)
  20 rats
  7 fungi
  19 plants (Lair:4)
1134 creatures vanquished.

Vanquished Creatures (collateral kills)
  the Lernaean hydra (Swamp:4)
  2 thorn hunters (Swamp:4)
  A very ugly thing (Swamp:4)
  6 hydras (Swamp:4)
  2 naga warriors
  A ghost crab (Swamp:3)
  3 alligators (Swamp:4)
  3 death yaks (Lair:5)
  A naga sharpshooter (Snake:1)
  A shambling mangrove (Swamp:4)
  7 swamp dragons (Swamp:4)
  An orc knight (Orc:4)
  3 salamanders
  A black mamba (Snake:2)
  7 spiny frogs
  A fire drake (Lair:8)
  2 komodo dragons
  2 blink frogs
  4 bog bodies (Swamp:4)
  7 slime creatures
  11 yaks
  A wyvern (Lair:7)
  A spriggan (Swamp:3)
  6 wolves
  A hippogriff (Lair:6)
  A steam dragon (Lair:4)
  2 nagas
  7 vampire mosquitoes
  2 water moccasins
  8 swamp worms
  3 swamp drakes (Swamp:4)
  4 wasps
  3 porcupines
  An ogre (Orc:4)
  4 crocodiles
  7 giant frogs
  4 electric eels (Lair:8)
  A jelly (Lair:8)
  2 orc wizards (Orc:4)
  An orc priest (Orc:4)
  An iguana (Lair:5)
  3 sheep (Lair:6)
  16 river rats
  10 orcs (Orc:4)
  A goblin (Orc:4)
  4 plants
161 creatures vanquished.

Vanquished Creatures (others)
  A swamp dragon (Swamp:2)
  A blink frog (Lair:3)
  2 slaves (D:7)
  A wasp (Swamp:2)
  A killer bee (D:7)
  2 orc wizards (Orc:4)
  A jelly (Swamp:3)
  An adder (D:7)
  2 orcs (Orc:4)
  A bat (D:7)
  27 fungi
  9 plants
49 creatures vanquished.

Grand Total: 1344 creatures vanquished

Notes
Turn   | Place    | Note
--------------------------------------------------------------
     0 | D:1      | nubinia the Draconian Conjurer began the quest for the Orb.
     0 | D:1      | Reached XP level 1. HP: 14/14 MP: 3/3
   424 | D:1      | Reached XP level 2. HP: 20/20 MP: 1/5
  1237 | D:2      | Reached XP level 3. HP: 26/26 MP: 6/6
  1607 | D:2      | Learned a level 3 spell: Dazzling Spray
  1611 | D:2      | Found a stormy altar of Qazlal.
  1611 | D:2      | Found an iron altar of Okawaru.
  1611 | D:2      | Found a burning altar of Makhleb.
  1635 | D:2      | Found an opulent altar of Gozag.
  2761 | D:2      | Reached XP level 4. HP: 33/33 MP: 2/7
  3077 | D:2      | Reached skill level 5 in Conjurations
  3620 | D:3      | Reached skill level 1 in Hexes
  3793 | D:3      | Reached XP level 5. HP: 39/39 MP: 0/9
  3939 | D:4      | Found a deep blue altar of Sif Muna.
  4108 | D:4      | Noticed an ogre
  4230 | D:3      | Reached skill level 1 in Fighting
  4607 | D:3      | Found a shimmering altar of Xom.
  4761 | D:3      | Learned a level 5 spell: Iskenderun's Battlesphere
  4946 | D:3      | Reached XP level 6. HP: 39/47 MP: 1/11
  5424 | D:4      | Killed an ogre
  5760 | D:4      | Found Baud's Gadget Emporium.
  5998 | D:4      | Found a shattered altar of Ashenzari.
  6010 | D:4      | Found a shadowy altar of Dithmenos.
  6038 | D:4      | Noticed an ogre
  6053 | D:4      | Killed an ogre
  6053 | D:4      | Your scales start taking on a golden yellow colour.
  6053 | D:4      | Reached XP level 7. HP: 52/52 MP: 4/12
  6142 | D:4      | Noticed a centaur
  6153 | D:4      | Killed a centaur
  6153 | D:4      | Reached skill level 6 in Conjurations
  6553 | D:5      | Entered Level 5 of the Dungeon
  7342 | D:5      | Reached skill level 1 in Charms
  7726 | D:5      | Found a sacrificial altar of Ru.
  7827 | D:5      | Found a staircase to the Ecumenical Temple.
  7827 | D:5      | Found a blossoming altar of Fedhas.
  7939 | D:4      | Became a worshipper of Sif Muna the Loreminder
  8199 | D:6      | Noticed braks's ghost (experienced DsIE)
  8453 | D:6      | Reached XP level 8. HP: 61/61 MP: 11/14
  9483 | D:6      | Found a snail-covered altar of Cheibriados.
  9649 | D:7      | Reached skill level 5 in Spellcasting
 10047 | D:7      | Found a glowing golden altar of the Shining One.
 10061 | D:7      | Acquired Sif Muna's first power
 10061 | D:7      | Reached skill level 7 in Conjurations
 10260 | D:7      | Reached skill level 1 in Throwing
 10508 | D:7      | Reached XP level 9. HP: 67/67 MP: 10/18
 10678 | D:7      | Noticed Pikel
 10711 | D:7      | Killed Pikel
 10711 | D:7      | Acquired Sif Muna's second power
 10711 | D:7      | Reached skill level 1 in Polearms
 10720 | D:7      | Found a staircase to the Ecumenical Temple.
 11569 | D:6      | Reached skill level 8 in Conjurations
 11896 | D:7      | Reached skill level 1 in Invocations
 12272 | D:8      | Found a white marble altar of Elyvilon.
 12473 | D:8      | Learned a level 4 spell: Iskenderun's Mystic Blast
 12694 | D:8      | Found a large runed door.
 12695 | D:8      | Found a large runed door.
 12827 | D:8      | Found a snail-covered altar of Cheibriados.
 12944 | D:8      | Reached skill level 5 in Dodging
 12957 | D:8      | Reached XP level 10. HP: 58/74 MP: 6/20
 13291 | D:8      | Noticed a three-headed hydra
 13351 | D:8      | Killed a three-headed hydra
 13771 | D:8      | Found a shadowy altar of Dithmenos.
 13777 | D:8      | Found a shimmering altar of Xom.
 13777 | D:8      | Noticed an eight-headed hydra
 13940 | D:9      | Found a bloodstained altar of Trog.
 14082 | D:9      | Found a staircase to the Orcish Mines.
 14108 | D:9      | Found an iron altar of Okawaru.
 14903 | D:9      | Noticed a five-headed hydra
 15092 | D:9      | Killed a five-headed hydra
 15092 | D:9      | Reached skill level 5 in Charms
 15420 | D:10     | Entered Level 10 of the Dungeon
 15795 | D:10     | Noticed a hill giant
 15893 | D:10     | Killed a hill giant
 15893 | D:10     | Acquired Sif Muna's third power
 15893 | D:10     | Reached skill level 9 in Conjurations
 15893 | D:10     | Reached XP level 11. HP: 82/82 MP: 8/23
 16623 | D:10     | Found a white marble altar of Elyvilon.
 16657 | D:10     | Noticed a hill giant
 16666 | D:10     | Killed a hill giant
 16808 | D:11     | Found a staircase to the Lair.
 16814 | D:11     | Got a jewelled dagger
 16815 | D:11     | Identified the +3 dagger "Embalmer" {freeze, +Fly rC- MP+9 Dex-4} (You found it on level 11 of the Dungeon)
 17817 | Lair:1   | Entered Level 1 of the Lair of Beasts
 18335 | Lair:1   | Noticed a six-headed hydra
 18701 | Lair:2   | Noticed a four-headed hydra
 18705 | Lair:2   | Reached skill level 5 in Invocations
 18709 | Lair:2   | Killed a four-headed hydra
 18709 | Lair:2   | Reached skill level 10 in Conjurations
 19123 | Lair:2   | Learned a level 3 spell: Ozocubu's Armour
 19585 | Lair:3   | Noticed Gastronok
 19928 | Lair:3   | Reached skill level 1 in Ice Magic
 19934 | Lair:3   | Reached XP level 12. HP: 91/91 MP: 5/25
 21010 | Lair:4   | Noticed Rupert
 21180 | Lair:4   | Noticed Josephine
 21189 | Lair:4   | Killed Josephine
 21189 | Lair:4   | Received a gift from Sif Muna
 21190 | Lair:4   | Identified Sif Muna's Tome of Malediction (Sif Muna gifted it to you on level 4 of the Lair of Beasts)
 21487 | Lair:3   | Upgraded the game from 0.17-a0-1442-g10bb59b to 0.17-a0-1446-gc28613e
 21671 | Lair:1   | Killed a six-headed hydra
 22558 | Orc:1    | Entered Level 1 of the Orcish Mines
 23381 | Orc:2    | Found Zuecos's Antique Armour Shoppe.
 23824 | Lair:3   | Killed Gastronok
 23824 | Lair:3   | Reached skill level 10 in Spellcasting
 24263 | Orc:2    | Bought a glowing hat for 92 gold pieces
 24305 | Orc:2    | Found a roughly hewn altar of Beogh.
 24874 | Orc:3    | Reached skill level 11 in Conjurations
 24960 | Orc:3    | Found Faonieth's General Store.
 25165 | Orc:3    | Found a staircase to the Elven Halls.
 25980 | Orc:4    | Entered Level 4 of the Orcish Mines
 26241 | Orc:4    | Found a roughly hewn altar of Beogh.
 26263 | Orc:4    | Reached XP level 13. HP: 99/99 MP: 7/27
 26441 | Orc:4    | Found Xuasaruxt's Armour Shoppe.
 26454 | Orc:4    | Reached skill level 1 in Maces & Flails
 26489 | Orc:4    | Received a gift from Sif Muna
 26519 | Orc:4    | Found Jest's General Store.
 26525 | Orc:4    | Bought a +0 pair of boots for 63 gold pieces
 26543 | Orc:4    | Bought a scroll of enchant weapon for 112 gold pieces
 26589 | Orc:4    | Found a roughly hewn altar of Beogh.
 26642 | Orc:4    | Learned a level 1 spell: Animate Skeleton
 26876 | Orc:4    | Found Farghiuge's Food Boutique.
 26876 | Orc:4    | Found Isyxibu's Antique Weapon Shoppe.
 26884 | Orc:4    | Bought a dazzling scimitar for 225 gold pieces
 26884 | Orc:4    | Identified the +4 scimitar of Bloody Death {antimagic, *Contam rN++ Int+3} (You bought it in a shop on level 4 of the Orcish Mines)
 27047 | Orc:4    | Noticed an ogre mage
 27070 | Orc:4    | Killed an ogre mage
 27302 | Orc:4    | Reached skill level 1 in Necromancy
 27367 | Orc:4    | Found Qasytzi's Quality Used Wands.
 28916 | Lair:4   | Killed Rupert
 29055 | Lair:4   | Your ally Rupert died
 29637 | Lair:4   | Got a slimy rapier
 29638 | Lair:4   | Identified the +10 rapier "Giff" {drain, rC+ rN+++ Stlth-} (You found it on level 4 of the Lair of Beasts)
 29644 | Lair:4   | Got an ebony long sword
 29645 | Lair:4   | Identified the cursed +2 long sword "Xicoveos" {slice, Str+4 SInv} (You found it on level 4 of the Lair of Beasts)
 30234 | Lair:4   | Reached skill level 5 in Stealth
 30267 | Lair:5   | Received a gift from Sif Muna
 30272 | Lair:5   | Learned a level 2 spell: Shroud of Golubria
 30276 | Lair:5   | Learned a level 3 spell: Regeneration
 30280 | Lair:5   | Learned a level 1 spell: Apportation
 30342 | Lair:5   | Found a staircase to the Snake Pit.
 30974 | Lair:5   | Gained mutation: You have acidic saliva. [Yellow Draconian growth]
 30974 | Lair:5   | Reached XP level 14. HP: 82/105 MP: 26/29
 31020 | Lair:5   | Reached skill level 1 in Shields
 31020 | Lair:5   | Reached skill level 12 in Conjurations
 31554 | Lair:6   | Found an ancient bone altar of Kikubaaqudgha.
 31973 | Lair:6   | Got a twitching amber ring
 32066 | Lair:6   | Found a staircase to the Swamp.
 32449 | Lair:6   | Identified the ring "Pysasob" {rElec rPois Int+4} (You found it on level 6 of the Lair of Beasts)
 32701 | Lair:7   | Found a burning altar of Makhleb.
 32845 | Lair:7   | Received a gift from Sif Muna
 32846 | Lair:7   | Identified Sif Muna's Almanac of Protection (Sif Muna gifted it to you on level 7 of the Lair of Beasts)
 33868 | Lair:8   | Entered Level 8 of the Lair of Beasts
 34160 | Lair:8   | Reached skill level 5 in Hexes
 34172 | Lair:8   | Reached skill level 5 in Fighting
 34278 | Lair:8   | Found a staircase to the Slime Pits.
 34461 | Lair:8   | Reached skill level 5 in Necromancy
 35316 | Swamp:1  | Entered Level 1 of the Swamp
 35363 | Lair:6   | Reached XP level 15. HP: 108/113 MP: 17/31
 36382 | Swamp:2  | Received a gift from Sif Muna
 36383 | Swamp:2  | Identified Elohe's Catalogue of Protection (Sif Muna gifted it to you on level 2 of the Swamp)
 36574 | Swamp:2  | Reached skill level 13 in Spellcasting
 36581 | Swamp:2  | Noticed a thorn hunter
 37213 | Swamp:2  | Got a brightly glowing tin ring
 37215 | Swamp:2  | Identified the ring of Zoosim {+/*Tele +Inv} (You found it on level 2 of the Swamp)
 37658 | Swamp:2  | Killed a thorn hunter
 38665 | Swamp:3  | Upgraded the game from 0.17-a0-1446-gc28613e to 0.17-a0-1447-g3d113ad
 39033 | Swamp:3  | Reached skill level 1 in Evocations
 39375 | Swamp:3  | Received a gift from Sif Muna
 39376 | Swamp:3  | Identified Fixulikk's Incunabulum of Augmentations (Sif Muna gifted it to you on level 3 of the Swamp)
 39568 | Swamp:3  | Gained mutation: Your magical capacity is low (-10% MP). [mutagenic meat]
 39569 | Swamp:3  | Gained mutation: You occasionally shout uncontrollably at your foes. [mutagenic meat]
 39570 | Swamp:3  | Gained mutation: You are weak. (Str -2) [mutagenic meat]
 39571 | Swamp:3  | Lost mutation: You occasionally shout uncontrollably at your foes. [potion of cure mutation]
 39571 | Swamp:3  | Lost mutation: Your magical capacity is low (-10% MP). [potion of cure mutation]
 39571 | Swamp:3  | Lost mutation: You are weak. (Str -2) [potion of cure mutation]
 39762 | Swamp:4  | Entered Level 4 of the Swamp
 40055 | Swamp:4  | Noticed the 27-headed Lernaean hydra
 40060 | Swamp:4  | Noticed a thorn hunter
 40076 | Swamp:4  | Killed the 27-headed Lernaean hydra
 40077 | Swamp:4  | Killed a thorn hunter
 40077 | Swamp:4  | Reached XP level 16. HP: 119/119 MP: 26/33
 40117 | Swamp:4  | Got a decaying rune of Zot
 40132 | Swamp:4  | Noticed a thorn hunter
 40136 | Swamp:4  | Killed a thorn hunter
 40136 | Swamp:4  | Reached skill level 14 in Spellcasting
 40304 | Swamp:4  | Your ally Lernaean died
 40386 | Swamp:4  | Received a gift from Sif Muna
 40387 | Swamp:4  | Identified Sif Muna's Advanced Guide to Rites and Rhymes (Sif Muna gifted it to you on level 4 of the Swamp)
 41431 | Snake:1  | Entered Level 1 of the Snake Pit
 41431 | Snake:1  | Found Nerebog's Book Shop.
 41439 | Snake:1  | Bought a book of Flames for 385 gold pieces
 41444 | Snake:1  | Learned a level 3 spell: Conjure Flame
 41449 | Snake:1  | Learned a level 4 spell: Sticky Flame
 42344 | Snake:1  | Learned a level 5 spell: Fireball
 42518 | Snake:2  | Reached skill level 10 in Charms
 42716 | Snake:2  | Reached skill level 1 in Fire Magic
 45289 | Snake:3  | Received a gift from Sif Muna
 45290 | Snake:3  | Identified Sif Muna's Collected Works on Cold (Sif Muna gifted it to you on level 3 of the Snake Pit)
 45293 | Snake:3  | Learned a level 1 spell: Freeze
 45300 | Snake:3  | Learned a level 6 spell: Bolt of Cold
 45659 | Snake:3  | Reached skill level 5 in Ice Magic
 46770 | D:4      | Bought a fan of gales for 440 gold pieces
 46770 | D:4      | Bought a sack of spiders for 220 gold pieces
 46770 | D:4      | Bought a wand of cold (4) for 176 gold pieces
 46770 | D:4      | Bought a phantom mirror for 330 gold pieces
 47264 | Snake:4  | Entered Level 4 of the Snake Pit
 47948 | Snake:4  | Shot with an arrow by a salamander

Vault maps used:
D:1:      lightli_arrival_quake
D:2:      mumra_celtic_spiral_tile, minitemple,
          nicolae_gozag_cash_rules_everything_around_me, minmay_hedge_maze
D:3:      tgw_xom
D:4:      minmay_opposing_rooms, lemuel_crystal_altar,
          grunt_dithmenos_smoke_and_mirrors, nicolae_overflow_hidden_temple,
          serial_shops, shop_fountains
D:5:      lemuel_crystal_altar, nicolae_ru_path_of_blood,
          minmay_temple_entry_trees, first_bread
D:6:      gup_sewer_entry_bubbles, minmay_misc_feat_room,
          hangedman_decor_clover_reticule, cheibrodos_worm_habitat
D:7:      lemuel_round_altar, temple_fountains, uniq_pikel
D:8:      old_standard_altar, basic_altar, hangedman_ranch,
          jmf_multi_god_temple2
D:9:      wad_crossroads, nicolae_overflow_crystal_walls, orc_0_dummy,
          basic_altar
D:10:     hangedman_abyss_or_decor_passed, elyvilon_altar_1
D:11:     due_lair_maze_entry_diamond
Lair:3:   eino_small_chamber_without_monster, st_stairs_13,
          infiniplex_staircase_pool, uniq_gastronok
Lair:4:   wad_woods_structure_01, uniq_rupert, uniq_josephine
Lair:5:   minmay_snake_entry_guardpost_medium, serial_bayou_shore_b
Lair:6:   minmay_swamp_entry_swarm, basic_altar
Lair:7:   lemuel_centaur_altar
Lair:8:   minmay_lair_end_frog_pond, minmay_slime_entry_jelly_boxes
Swamp:1:  evilmike_swamp_ruin_rubble_1, swamp_pool3
Swamp:2:  evilmike_swamp_ruin_house_4
Swamp:3:  evilmike_swamp_ruin_house_2, swamp_pool3, hangedman_swamp_muck
Swamp:4:  grunt_swamp_rune_castle
Snake:1:  serial_shops, shop_coins
Snake:2:  st_stairs_7, serial_bayou_shore_b
Snake:4:  snake_pit, grunt_ministairs_15, serial_bayou_pond_e, lemuel_fruit_tree
Orc:2:    serial_shops, shop, nicolae_orc_lost_temple
Orc:3:    serial_shops, nicolae_shop_trees, nicolae_orc_pool_cavern,
          nicolae_orc_rockfall, nicolae_orc_lava_room
Orc:4:    st_orc_town, basic_altar, nicolae_for_you_no_charge

Action                   |  1- 3 |  4- 6 |  7- 9 | 10-12 | 13-15 | 16-18 || total
-------------------------+-------+-------+-------+-------+-------+-------++-------
Melee: Mace              |    48 |    36 |    18 |    49 |   982 |   210 ||  1343
       Dagger            |       |     3 |       |       |       |       ||     3
       Spear             |       |    15 |       |       |       |       ||    15
       Falchion          |       |       |    95 |       |       |       ||    95
       Glaive            |       |       |    86 |   438 |       |       ||   524
       Staff             |       |       |       |       |       |     1 ||     1
 Fire: Blowgun           |       |     2 |    53 |    56 |    41 |       ||   152
 Cast: Magic Dart        |    72 |   166 |   253 |   314 |   471 |   180 ||  1456
       Dazzling Spray    |       |     5 |    61 |   203 |   330 |   118 ||   717
       Iskenderun's Batt |       |       |     2 |    97 |   185 |    69 ||   353
       Iskenderun's Myst |       |       |       |    17 |    73 |    10 ||   100
       Ozocubu's Armour  |       |       |       |    21 |    70 |    15 ||   106
       Animate Skeleton  |       |       |       |       |   173 |    54 ||   227
       Regeneration      |       |       |       |       |    42 |    13 ||    55
       Shroud of Golubri |       |       |       |       |    10 |     8 ||    18
       Fireball          |       |       |       |       |       |     2 ||     2
       Conjure Flame     |       |       |       |       |       |     1 ||     1
Invok: Channel Energy    |       |       |    31 |   277 |   722 |    83 ||  1113
 Abil: Spit Acid         |       |       |     8 |     2 |     2 |       ||    12
       Evoke Teleportati |       |       |       |       |       |     1 ||     1
Evoke: Wand              |       |       |       |     7 |    30 |    16 ||    53
       Phantom mirror    |       |       |       |       |     2 |       ||     2
       Lamp of fire      |       |       |       |       |       |     1 ||     1
  Use: Potion            |     1 |     3 |     3 |     1 |     5 |       ||    13
       Scroll            |       |     2 |    15 |    18 |    14 |     3 ||    52
 Stab: Sleeping          |     2 |     3 |     7 |    16 |     8 |     2 ||    38
       Invisible         |       |     1 |     2 |    21 |    27 |     5 ||    56
       Distracted        |       |       |       |     2 |     9 |     2 ||    13
  Eat: Chunk             |     7 |    11 |    29 |    98 |   178 |    28 ||   351
       Beef jerky        |       |       |     1 |     2 |     3 |     2 ||     8
       Fruit             |       |       |       |     7 |     3 |     7 ||    17
       Bread ration      |       |       |       |     1 |       |     1 ||     2
       Royal jelly       |       |       |       |       |     1 |       ||     1
       Meat ration       |       |       |       |       |       |     1 ||     1
